cohdb
Replays
Latest Replays
All Replays
Popular Replays
Top Player Replays
Match Explorer
How It Works
Community
CoH3 Stats
Reddit
Sign in to upload your games and track your stats! →
Sign in with Steam
Match 42711899
Unlisted
Match 42711899
Overview
Messages
Build Orders
End
250 Light Carrier
Selects Panzerjäger Kommand Battlegroup
Selects Mine Fields
Panzergrenadier Squad
Construct Light Support Kompanie
Combat Half-tracks
2.5-tonne Medical Truck
Selects GrB 39 Grenade Launcher Requisition
250 Light Carrier
Assault Grenadier Squad
Fire Support Elements
le.IG 18 Mechanized Group
Veteran Squad Leaders
Panzerpioneer Squad
Forward Retreat Point
Construct Panzerarmee Kommand
Advanced Field Repairs
Panzer III L Medium Tank
Selects Crew Shock Tactics
Rapid Advance
Tungsten Core Ammunition
Panzer III L Medium Tank
Selects Elefant Tank Destroyer
Advanced Optics
Emergency Repair Kits
Elefant Tank Destroyer
Selects Early Warning
Selects Butterfly Bomb Drop
Butterfly Bomb Drop
Construct Panzerarmee Kommand
Panzerpioneer Squad
Butterfly Bomb Drop
Panzer III L Medium Tank
Vehicle Survival Package
Construct Light Support Kompanie
Butterfly Bomb Drop
Shaft9987
mephix
matthias-sto
LiberalnaKonserwa
ßoo
骑驴找猪
moon5
猎狐
0
0
Comments
sign in to comment!
No comments posted yet!